AoeStats
← 公鸡神探

Arena

505405091Analyzed
4v4 RM · 24d ago on Sep 9, 2026· 52m 21s· 8 players
Game mode
Random Map
Map size
Large (8 player)
Population
200
Speed
Normal
Resources
Standard
Victory
Conquest
Starting age
Dark Age
Ending age
Imperial Age
RankedLock teamsTeams togetherTeam positionsShared explorationLock speedFull tech treeHidden civsTurbo modeCheats
Victory
Defeat
🇨🇳 Vietnamese · China
1194
+10
🇨🇳 Portuguese · China
1178
+11
🇬🇧 Britons · United Kingdom
910
+22
🇨🇳 Huns · China
883
+23
🇭🇰 Wei · Hong Kong SAR China
1160
-21
🇨🇳 Spanish · China
1029
-16
🇦🇷 Turks · Argentina
1026
-15
🇷🇺 Khmer · Russia
1000
-14
vper1490
10:36 Feudal Age
15:54 Castle Age
22:10 Double-Bit Axe
33:57 Gold Mining
36:06 Bow Saw
37:43 Wheelbarrow
37:49 Horse Collar
37:57 Loom
38:52 Stone Mining
40:07 Fortified Wall
43:53 Imperial Age
42:11 Murder Holes
Aker Starlight
5:08 Loom
9:59 Feudal Age
10:25 Double-Bit Axe
10:24 Horse Collar
16:31 Castle Age
15:22 Gold Mining
15:26 Stone Mining
17:32 Wheelbarrow
17:45 Bow Saw
22:59 Bloodlines
25:07 Fletching
25:27 Heavy Plow
27:33 Bodkin Arrow
31:10 Scale Barding Armor
31:15 Forging
31:11 Murder Holes
31:37 Ballistics
32:28 Chain Barding Armor
32:19 Husbandry
35:02 Hand Cart
37:55 Imperial Age
36:52 Tuntian
37:33 Iron Casting
37:41 Gold Shaft Mining
38:31 Fortified Wall
38:31 Masonry
38:37 Town Watch
38:26 Elite Tiger Cavalry
40:06 Ming Guang Armor
40:30 Parthian Tactics
40:11 Thumb Ring
43:00 Chemistry
43:03 Blast Furnace
42:04 Bracer
44:54 Treadmill Crane
45:54 Hoardings
48:02 Conscription
49:09 Padded Archer Armor
Nixs225
11:03 Feudal Age
15:06 Castle Age
21:09 Imperial Age
18:29 Double-Bit Axe
18:28 Horse Collar
27:21 Redemption
KRONK
12:06 Feudal Age
15:17 Castle Age
13:15 Horse Collar
13:34 Double-Bit Axe
17:01 Heavy Plow
17:54 Bow Saw
20:20 Gold Mining
20:45 Loom
21:37 Stone Mining
22:23 Gold Shaft Mining
24:48 Wheelbarrow
23:58 Town Watch
25:06 Stone Shaft Mining
26:00 Fletching
26:11 Padded Archer Armor
27:49 Bodkin Arrow
28:08 Scale Barding Armor
28:26 Ballistics
30:51 Imperial Age
29:19 Forging
31:57 Chain Barding Armor
31:09 Elite Ballista Elephant
32:38 Double Crossbow
35:32 Plate Barding Armor
36:29 Hand Cart
36:14 Town Patrol
36:52 Conscription
41:40 Iron Casting
41:02 Bodkin Arrow
41:22 Leather Archer Armor
41:08 Scale Mail Armor
40:37 Heavy Scorpion
43:37 Bloodlines
42:47 Light Cavalry
43:29 Husbandry
46:09 Siege Engineers
Shakespeare
9:45 Feudal Age
11:07 Wheelbarrow
10:15 Horse Collar
10:21 Double-Bit Axe
15:45 Loom
18:17 Castle Age
19:38 Hand Cart
19:27 Pikeman
20:08 Squires
20:12 Scale Mail Armor
20:25 Forging
21:06 Loom
22:13 Chain Mail Armor
26:02 Bow Saw
25:55 Heavy Plow
33:12 Iron Casting
无甲的joe
10:14 Feudal Age
14:19 Castle Age
13:09 Double-Bit Axe
13:13 Horse Collar
15:43 Heavy Plow
18:22 Bow Saw
18:26 Gold Mining
20:20 Padded Archer Armor
20:12 Fletching
21:48 Bodkin Arrow
26:16 Leather Archer Armor
34:32 Imperial Age
32:38 Wheelbarrow
32:58 Stone Mining
36:53 Two-Man Saw
36:25 Crop Rotation
36:04 Elite Fire Lancer
36:31 Arson
36:48 Scale Mail Armor
36:59 Forging
37:13 Squires
38:11 Chain Mail Armor
39:01 Iron Casting
40:01 Plate Mail Armor
40:35 Chemistry
沐潪
12:16 Feudal Age
16:49 Castle Age
19:24 Double-Bit Axe
20:24 Horse Collar
20:57 Bow Saw
22:41 Heavy Plow
24:06 Wheelbarrow
23:22 Loom
25:36 Hand Cart
26:52 Forging
26:48 Scale Barding Armor
30:20 Marauders
32:37 Iron Casting
32:22 Chain Barding Armor
36:04 Imperial Age
33:22 Town Watch
34:05 Gold Mining
34:05 Stone Mining
34:27 Husbandry
34:37 Bloodlines
36:31 Gold Shaft Mining
37:58 Plate Barding Armor
39:44 Blast Furnace
38:06 Elite Tarkan
39:39 Conscription
41:47 Pikeman
42:27 Squires
44:49 Caravan
47:32 Halberdier
48:43 Scale Mail Armor
48:56 Arson
公鸡神探
10:54 Feudal Age
14:35 Castle Age
12:33 Horse Collar
15:42 Double-Bit Axe
17:34 Loom
17:52 Gold Mining
18:15 Bow Saw
18:02 Fletching
18:51 Bodkin Arrow
36:20 Imperial Age
35:53 Pikeman
36:36 Scale Mail Armor
36:47 Forging
38:18 Chemistry
39:49 Halberdier
41:03 Arquebus
42:52 Chain Mail Armor
43:23 Arson
45:01 Plate Mail Armor
45:27 Conscription
45:53 Forging
45:44 Padded Archer Armor
49:45 Leather Archer Armor
51:23 Siege Engineers
Connection lost

Rejoining the realm…

Still unreachable

The connection could not be restored.

Session expired

The server has moved on; the page needs a fresh start.